 Dungeon Crawl Stone Soup version 0.30.0-5-g1a98f26d00 (webtiles) character file.

Game seed: 15739830621371037777

11 dialectric the Sneak (level 2, -5/19 HPs)
             Began as a Tengu Delver on May 8, 2023.
             Killed by divine providence
             ... invoked by an orc priest
              (9 damage)
             ... on level 5 of the Dungeon.
             The game lasted 00:00:46 (89 turns).

dialectric the Sneak (Tengu Delver)                   Turns: 89, Time: 00:00:47

Health: -5/19      AC:  3    Str: 12    XL:     2   Next: 25%
Magic:  3/3        EV: 12    Int: 10    God:
Gold:   0          SH:  0    Dex: 15    Spells: 1/1 levels left

rFire   . . .        a - +0 short sword
rCold   . . .        (no shield)
rNeg    . . .        b - +0 leather armour
rPois   .            (helmet restricted)
rElec   .            (no cloak)
rCorr   .            (no gloves)
SInv    .            (boots unavailable)
Will    .....        (no amulet)
Stlth   +++          (no ring)
HPRegen 0.23/turn    (no ring)
MPRegen 0.08/turn

%: no passive effects
@: no status effects
A: beak, talons 3
a: no special abilities


You were on level 5 of the Dungeon.
You visited 1 branch of the dungeon, and saw 2 of its levels.

Inventory:

Hand Weapons
 a - a +0 short sword (weapon)
Missiles
 i - 3 curare-tipped darts (quivered)
Armour
 b - a +0 leather armour (worn)
Wands
 g - a wand of digging (2)
Scrolls
 c - a scroll of fog
 d - a scroll of magic mapping
 e - a scroll of fear
Potions
 f - a potion of haste
 h - a potion of mutation {unknown}


   Skills:
 + Level 3.1 Fighting
 + Level 2.2 Short Blades
 + Level 2.2 Dodging
 * Level 5.4 Stealth


You had one spell level left.
You didn't know any spells.
Your spell library was empty.

Dungeon Overview and Level Annotations

Branches:
Dungeon (6/15)
 Temple: D:4-7

Altars:

Shops:
D:5 =


Innate Abilities, Weirdness & Mutations

You have a beak for a mouth.
You have claws for feet.


Message History

You closely miss the adder. Your kick misses the adder.
The adder is almost dead.
You kill the adder!
You have reached level 2!
Unknown command.
There is a stone staircase leading down, spattered with blood here.
Found an escape hatch in the ceiling.
i - a curare-tipped dart You see here 3 curare-tipped darts.
i - 4 curare-tipped darts (gained 3)
The wight hits you from afar with a +0 spear.
* * * LOW HITPOINT WARNING * * *
There is a stone staircase leading up here.
Things that are here:
a +0 dagger; an orc corpse The ogre shouts!
You climb upwards.
The orc barely misses you.
There is a stone staircase leading down here.
Unknown command.
Unknown command.
Throw: 4 darts (curare)
Press: ? - help, Q - select action Shift-Dir - straight line, f - orc
Aim: an orc, wielding a +0 club (59% to hit)
You throw a curare-tipped dart. The curare-tipped dart hits the orc.
The orc is poisoned.
The orc convulses.
The orc seems to slow down.
The orc is heavily wounded.
The orc hits you with a +0 club.
* * * LOW HITPOINT WARNING * * *
Unknown command.
Aiming: Dig
Press: ? - help, Shift-Dir - straight line, p - orc A rock wall.
The rock shatters into small pieces.
Unknown command.
Unknown command.
The orc attacks as you move away! The orc misses you.
Found a whip.
The orc priest invokes the aid of Beogh against you.
Beogh smites you!
You die...

#.....# ##[....##
#.......# #.......# .
#.......## )..
#........#
.....####......#.# #
.......@>o.......# #.##
....####.oo..#.∩.#....#
. #...........#
#.......####.o#
#.......# ## ##........
##########


You could see an orc priest and 2 orcs.

Vanquished Creatures
  An adder (D:6)
  An orc (D:6)
2 creatures vanquished.

Notes
Turn   | Place    | Note
-------+----------+-------------------------------------------
     0 | D:5      | dialectric the Tengu Delver began the quest for the Orb.
     0 | D:5      | Reached XP level 1. HP: 14/14 MP: 2/2
    10 | D:5      | Noticed an orc priest
    19 | D:6      | Noticed an ogre
    61 | D:6      | Noticed a wight
    65 | D:6      | Reached XP level 2. HP: 5/19 MP: 3/3
    89 | D:5      | Killed from afar by an orc priest

Illustrated notes

Levels and vault maps discovered:
D:5:      layout_cave_pods, jmf_multi_god_temple, serial_shops,
          nicolae_shop_stone
D:6:      hellmonk_destroyed_diamonds, layout_loops_ring,
          minmay_temple_entry_junction_2, kennysheep_generic_room_13

Action                     || total
---------------------------++-------
  Melee: Short sword       ||    11
         Peck              ||     2
         Punch             ||     1
  Throw: Dart              ||     5
  Evoke: Wand              ||     1
  Dodge: Dodged            ||     9
